 Dungeon Crawl Stone Soup version 0.21.1-1-g345015fe64 (webtiles) character file.

133 Kohma the Sneak (level 4, -1/21 HPs)
             Began as a Spriggan Venom Mage on June 26, 2018.
             Killed from afar by an orc wizard (7 damage)
             ... with a magic dart
             ... on level 3 of the Dungeon.
             The game lasted 00:07:16 (3186 turns).

Kohma the Sneak (Spriggan Venom Mage)               Turns: 3186, Time: 00:07:17

Health: -1/21      AC:  2    Str:  4    XL:     4   Next: 93%
Magic:  3/10       EV: 20    Int: 17    God:
Gold:   80         SH:  0    Dex: 16    Spells: 6/9 levels left

rFire    . . .     SeeInvis +   f - +0 dagger
rCold    . . .     Gourm    .   (shield restricted)
rNeg     . . .     Faith    .   a - +0 robe
rPois    .         Spirit   .   (helmet restricted)
rElec    .         Reflect  .   (no cloak)
rCorr    .         Harm     .   (gloves unavailable)
MR       .....                  (boots unavailable)
Stlth    +++.......             (no amulet)
HPRegen  0.07/turn              (no ring)
MPRegen  0.12/turn              (no ring)

@: very quick
A: very small, unfitting armour, see invisible, herbivore, speed 3, slow
metabolism 2
a: no special abilities


You were on level 3 of the Dungeon.
You were very hungry.

You visited 1 branch of the dungeon, and saw 3 of its levels.

You collected 80 gold pieces.

Inventory:

Hand Weapons
 f - a +0 dagger (weapon)
 o - a cursed -1 dagger
Missiles
 h - 52 bolts
 k - 43 arrows
Armour
 a - a +0 robe (worn)
Jewellery
 j - a cursed ring of teleportation {unknown}
 r - an uncursed amulet of magic regeneration {unknown}
Scrolls
 d - 3 scrolls of identify {unknown}
 e - 4 scrolls of teleportation {unknown}
 i - 3 scrolls of remove curse {unknown}
 p - 2 scrolls of immolation {unknown}
 s - 2 scrolls of magic mapping {unknown}
 t - a scroll of amnesia {unknown}
Potions
 g - a potion of lignification {unknown}
 l - 2 potions of agility {unknown}
 m - a potion of degeneration {unknown}
 n - a potion of ambrosia {unknown}
 q - a potion of berserk rage {unknown}
Books
 b - a Young Poisoner's Handbook

   Spells                             Type                      Level
   a - Sting                          Conjuration/Poison           1
   b - Poisonous Vapours              Poison/Air                   2
   c - Mephitic Cloud                 Conjuration/Poison/Air       3
   d - Olgreb's Toxic Radiance        Poison                       4
   e - Venom Bolt                     Conjuration/Poison           5
 u - a book of Minor Magic

   Spells                             Type                      Level
   a - Magic Dart                     Conjuration                  1
   b - Blink                          Translocation                2
   c - Call Imp                       Summoning                    2
   d - Slow                           Hexes                        2
   e - Conjure Flame                  Conjuration/Fire             3
   f - Mephitic Cloud                 Conjuration/Poison/Air       3
Comestibles
 c - 5 rations


   Skills:
 - Level 5.0 Dodging
 - Level 5.0 Stealth
 * Level 3.4 Spellcasting
 - Level 0.6 Conjurations
 + Level 0.7 Air Magic
 * Level 3.5 Poison Magic


You had 6 spell levels left.
You knew the following spells:

 Your Spells              Type           Power        Failure   Level  Hunger
a - Sting                 Conj/Pois      #...         7%          1    None
b - Poisonous Vapours     Pois/Air       ##....       11%         2    ##.....


Dungeon Overview and Level Annotations

Branches:
Dungeon (3/15)

Altars:

Annotations:
D:3 Robin


Innate Abilities, Weirdness & Mutations

You are very small and have problems with some larger weapons.
You are too small for most types of armour.
You have supernaturally acute eyesight. (SInv)
You are a herbivore.
You cover ground extremely quickly.
You need consume almost no food.


Message History

The hobgoblin hits you with a club! The goblin misses you.
Robin hits you with a club.
An orc comes into view. It is wielding a falchion.
The orc shouts!
You hear a shout! x2
A goblin comes into view.
It is wielding a club. 2 goblins come into view.
A hobgoblin comes into view. It is wielding a club.
An orc wizard comes into view. It is wielding a dagger.
The orc wizard shouts!
You hear a shout!
The goblin shouts!
The orc barely misses you.
An orc comes into view. It is wielding a falchion.
A goblin and an orc come into view.
The orc hits you with a falchion.
* * * LOW HITPOINT WARNING * * *
The goblin shouts!
The goblin hits you but does no damage.
The orc wizard points at you and mumbles some strange words.
The magic dart hits you!
You die...

#.# #.# #.# #####.####
#....g...# #.###g##.#
..#####.###.##g########
.........#.g....g...g.#
..###.....@.ogg######.#
##...#...#.# #.#
##........# #g#
#####.#### #.# #o# #.#
#o# #.#


.go ##.##### ... #.....g. #..##### You could see Robin, an orc wizard, 3 orcs, a
hobgoblin and 6 goblins.

Vanquished Creatures
  An orc wizard (D:3)
  2 adders
  An ooze (D:2)
  2 worms
  A dart slug (D:2)
  A leopard gecko (D:1)
  3 orcs (D:3)
  A ball python (D:1)
  6 giant cockroaches
  6 hobgoblins
  10 jackals
  8 kobolds
  2 quokkas (D:2)
  10 bats
  2 frilled lizards
  4 goblins
  6 rats
66 creatures vanquished.

Notes
Turn   | Place    | Note
-------+----------+-------------------------------------------
     0 | D:1      | Kohma the Spriggan Venom Mage began the quest for the Orb.
     0 | D:1      | Reached XP level 1. HP: 9/9 MP: 5/5
   223 | D:1      | Reached XP level 2. HP: 13/13 MP: 3/6
   227 | D:1      | Learned a level 2 spell: Poisonous Vapours
   772 | D:1      | Reached XP level 3. HP: 16/16 MP: 0/8
  1429 | D:2      | Reached skill level 5 in Stealth
  1637 | D:2      | Reached skill level 5 in Dodging
  1817 | D:2      | Reached XP level 4. HP: 21/21 MP: 6/9
  3092 | D:3      | Noticed Robin
  3186 | D:3      | Killed from afar by an orc wizard

Skill      XL: |  1  2  3  4 |
---------------+-------------+-----
Stealth        | 4 5 |  5.0
Dodging        | 4 5 |  5.0
Spellcasting   | 3 |  3.4
Conjurations   | |  0.6
Air Magic      | |  0.7
Poison Magic   | |  3.5

Action                   |  1- 3 |  4- 6 || total
-------------------------+-------+-------++-------
Melee: Dagger            |    40 |    29 ||    69
 Cast: Sting             |    13 |     4 ||    17
       Poisonous Vapours |    43 |    36 ||    79
 Stab: Sleeping          |     1 |       ||     1
  Eat: Ration            |     1 |     1 ||     2
Armor: Robe              |     7 |     2 ||     9
Dodge: Dodged            |    70 |    42 ||   112
